Map: Orbital Shipyard

Players

Null

  • Race: Zerg Zerg
  • League: Master

TTS - Winner!

  • Race: Zerg Zerg
  • League: Diamond

VOD

Have the link to the VOD?

Description

Time

  • Played on: Feb. 24, 2016, 2:37 a.m.
  • Length: 3:34
Show
View Real Time Build Order
Export as new Build Order

Null Zerg 

Build Orders: Hatch First 

Get SALT Encoding   

  12  0:01  Drone  
  13  0:12  Overlord  
  13  0:18  Drone  
  14  0:31  Drone x2  
  14  0:34  Drone  
  17  0:53  Hatchery  
  17  0:56  Drone  
  17  1:10  Spawning Pool  
  16  1:12  Extractor  
  16  1:14  Drone  
  16  1:18  Drone  
  17  1:21  Drone  
  18  1:28  Drone  
  19  1:39  Overlord  
  19  1:56  Queen  
  19  1:58  Zergling x2  
  22  2:03  Drone  
  22  2:05  Queen  
  22  2:06  Drone  
  26  2:12  Metabolic Boost  
  26  2:18  Drone  
  26  2:19  Drone  
  28  2:27  Drone x2  
  30  2:32  Spine Crawler  
  30  2:36  Zergling x2  
  30  2:40  Baneling Nest  
  29  2:47  Zergling x2  
  29  2:48  Zergling x2  
  31  2:55  Zergling x2  
  31  3:04  Spine Crawler  
  30  3:06  Zergling x6  
  30  3:07  Zergling x2  
  33  3:13  Zergling x2  
Show
View Real Time Build Order
Export as new Build Order

TTS Zerg - Winner!

Build Orders: Pool Only 

Get SALT Encoding   

  12  0:03  Drone  
  13  0:09  Drone  
  14  0:23  Extractor  
  13  0:28  Spawning Pool  
  13  0:34  Drone  
  13  0:38  Drone  
  14  0:44  Overlord  
  14  1:15  Queen, Zergling x2  
  14  1:16  Zergling x2  
  14  1:17  Zergling x2  
  19  1:25  Metabolic Boost  
  19  1:35  Zergling x2  
  19  1:38  Overlord  
  20  1:46  Baneling Nest  
  19  1:52  Zergling x2  
  20  2:10  Zergling x4  
  22  2:26  Zergling x2  
  22  2:27  Zergling x6  
  26  2:35  Zergling x2  
  27  2:45  Overlord  
  27  2:52  Baneling x4  
  27  2:58  Zergling x2  
  27  2:59  Zergling x4  
  29  3:15  Zergling x4  
  29  3:16  Baneling  
Tags
 
Add a new tag
Caveats
  • Supply blocks, unpowered buildings, or Contaminate may cause inaccurate times.
  • Supply counts are checked every 10 seconds.